 Dungeon Crawl Stone Soup version 0.27-a0-984-g00e00afbbc (webtiles) character file.

Game seed: 16018907957942292766

801 Morbidden the Conjurer (level 7, -3/56 HPs)
             Began as a Purple Draconian Conjurer on Apr 15, 2021.
             Slain by a gnoll sergeant
             ... wielding a +3 spear of venom
              (8 damage)
             ... on level 5 of the Dungeon.
             The game lasted 00:08:55 (5299 turns).

Morbidden the Conjurer (Purple Draconian Conjurer)  Turns: 5299, Time: 00:08:55

Health: -3/56      AC:  6    Str: 10    XL:     7   Next: 59%
Magic:  10/14      EV: 12    Int: 20    God:
Gold:   155        SH:  0    Dex:  7    Spells: 12/15 levels left

rFire    . . .     SeeInvis .     - Unarmed
rCold    . . .     Faith    .   (no shield)
rNeg     . . .     Spirit   .   (armour unavailable)
rPois    .         Reflect  .   (helmet restricted)
rElec    .         Harm     .   (no cloak)
rCorr    .         Rampage  .   (no gloves)
Will     +....                  (no boots)
Stlth    ++........             (no amulet)
HPRegen  0.18/turn              g - +4 ring of slaying
MPRegen  0.14/turn              o - +4 ring of slaying

@: lethally poisoned (-3 -> -5)
A: breathe power, AC +6, unfitting armour, cold-blooded, beak, claws 1, clumsy 1
a: Breathe Dispelling Energy


You were on level 5 of the Dungeon.
You visited 1 branch of the dungeon, and saw 5 of its levels.

You collected 155 gold pieces.

Inventory:

Missiles
 b - 10 poisoned darts (quivered)
Armour
 m - a +0 cloak
Jewellery
 g - a +4 ring of slaying (left claw)
 j - a +6 ring of strength
 o - a +4 ring of slaying (right claw)
Wands
 q - a wand of digging (4)
Scrolls
 a - 2 scrolls of magic mapping
 d - a scroll of enchant weapon
 e - 5 scrolls of identify
 i - 2 scrolls of noise {unknown}
 k - a scroll of enchant armour {unknown}
 n - a scroll of holy word {unknown}
Potions
 c - 2 potions of degeneration {unknown}
 f - a potion of attraction {unknown}
 h - 2 potions of brilliance
 l - a potion of curing {unknown}
 p - a potion of might {unknown}


   Skills:
 * Level 2.4 Fighting
 * Level 3.3 Dodging
 + Level 2.3 Stealth
 + Level 4.2 Unarmed Combat
 * Level 4.7 Spellcasting
 * Level 5.9 Conjurations


You had 12 spell levels left.
You knew the following spells:

 Your Spells              Type           Power      Damage    Failure   Level
a - Magic Dart            Conj           100%       1d8       1%          1
b - Searing Ray           Conj           56%        3d5       1%          2

Your spell library contained the following spells:

 Spells                   Type           Power      Damage    Failure   Level
 Dazzling Flash           Conj/Hex       32%        N/A       11%         3
 Fulminant Prism          Conj/Hex       8%         3d7       34%         4
 Iskenderun's Mystic Bla  Conj/Tloc      16%        2d5       34%         4


Dungeon Overview and Level Annotations

Branches:
Dungeon (5/15)
 Temple: D:4-7

Altars:

Annotations:
D:2 Sigmund
D:3 2 transporters, nht's ghost, amateur PaFi


Innate Abilities, Weirdness & Mutations

You can breathe bolts of dispelling energy.
Your rich purple scales are hard. (AC +6)
You cannot fit into any form of body armour.
You are cold-blooded and may be slowed by cold attacks.
You have a beak for a mouth.
You have sharp fingernails.
You are clumsy. (Dex -2)


Message History

You completely miss the gnoll.
The gnoll is heavily wounded.
The gnoll sergeant closely misses you. The gnoll barely misses you. x2
You scratch the gnoll.
You kill the gnoll!
The gnoll sergeant hits you from afar with a +3 spear of venom!
You are poisoned.
The gnoll hits you with a +0 halberd.
You feel very sick. The gnoll misses you. The gnoll completely misses you.
You feel sick.
You feel sick.
You feel sick.
Okay, then.
Unknown command.
Casting: Searing Ray (safe; 1% risk of failure)
Confirm with . or Enter, or press ? or * to list all spells.
Aiming: Searing Ray (safe; 1% risk of failure)
Press: ? - help, Shift-Dir - straight line, f - gnoll
Aim: a gnoll, wielding a +0 flail (18% to evade)
The searing ray hits the gnoll!
The gnoll is almost dead. (Press . to maintain the ray.)
You feel sick. The gnoll hits you but does no damage.
The searing ray misses the gnoll.
The searing ray hits the gnoll sergeant!
The gnoll sergeant is moderately wounded.
The searing ray hits the gnoll!
The gnoll is severely wounded.
You feel sick. The gnoll hits you with a +0 flail!
* * * LOW HITPOINT WARNING * * *
The searing ray hits the gnoll.
You kill the gnoll!
The searing ray hits the gnoll sergeant!
The gnoll sergeant is severely wounded.
The searing ray hits the gnoll!
You kill the gnoll!
You feel sick.
The gnoll sergeant hits you from afar with a +3 spear of venom!
You die...

#.# #.# #.# ##.##
#^..# #...# #...#
#...##########.#
#.....@)gZ)$...#
##.#.#####g.?<....
#.#... .........
#.#.......###....
#.#........ .##
#.#.####.## #
#.#.# #.# ..#.# #.


You could see a gnoll sergeant, a gnoll and a water moccasin skeleton.

Vanquished Creatures
  Grinder (D:3)
  Purgy (D:4)
  A water moccasin skeleton (D:4)
  A wyvern skeleton (D:4)
  A hound (D:4)
  A jelly (D:4)
  Ijyb (D:4)
  Natasha (twice) (D:4)
  Terence (D:3)
  Robin (D:2)
  A howler monkey skeleton (D:5)
  8 adders
  7 gnolls
  4 worms
  A dart slug (D:4)
  4 orcs
  5 bats
  3 endoplasms
  7 giant cockroaches
  18 goblins
  6 hobgoblins
  3 jackals (D:4)
  8 quokkas
  10 ball pythons
  3 frilled lizards
  8 kobolds
  7 rats
114 creatures vanquished.

Vanquished Creatures (others)
  6 plants (D:3)
6 creatures vanquished.

Grand Total: 120 creatures vanquished

Notes
Turn   | Place    | Note
-------+----------+-------------------------------------------
     0 | D:1      | Morbidden the Draconian Conjurer began the quest for the
                  | Orb.
     0 | D:1      | Reached XP level 1. HP: 14/14 MP: 3/3
   344 | D:1      | Reached XP level 2. HP: 20/20 MP: 3/5
   374 | D:1      | Learned a level 2 spell: Searing Ray
   791 | D:1      | Reached XP level 3. HP: 16/26 MP: 2/6
  1562 | D:2      | Noticed Sigmund
  1575 | D:2      | Gained mutation: You tend to lose your temper in combat.
                  | [potion of mutation]
  1575 | D:2      | Gained mutation: You expend magic power (3 MP) to
                  | strengthen your wands. [potion of mutation]
  1576 | D:2      | Lost mutation: You tend to lose your temper in combat.
                  | [potion of mutation]
  1576 | D:2      | Lost mutation: You expend magic power (3 MP) to strengthen
                  | your wands. [potion of mutation]
  1576 | D:2      | Gained mutation: You are clumsy. (Dex -2) [potion of
                  | mutation]
  1576 | D:2      | Gained mutation: You have a beak for a mouth. [potion of
                  | mutation]
  1576 | D:2      | Gained mutation: You have sharp fingernails. [potion of
                  | mutation]
  1874 | D:2      | Reached skill level 1 in Unarmed Combat
  1889 | D:2      | Noticed Robin
  1908 | D:2      | Reached XP level 4. HP: 12/33 MP: 2/7
  2128 | D:2      | Killed Robin
  2260 | D:3      | Noticed Terence
  2273 | D:3      | Killed Terence
  2438 | D:3      | Reached skill level 5 in Conjurations
  2643 | D:3      | Found a transporter.
  2643 | D:3      | Found a transporter.
  2643 | D:3      | Noticed Grinder
  2644 | D:3      | Paralysed by Grinder for 4 turns
  2674 | D:3      | Killed Grinder
  2675 | D:3      | Reached skill level 1 in Fighting
  2675 | D:3      | Reached XP level 5. HP: 8/40 MP: 2/9
  2675 | D:3      | Reached XP level 6. HP: 10/47 MP: 2/10
  3233 | D:3      | Noticed nht's ghost (amateur PaFi)
  4131 | D:4      | Noticed Purgy
  4471 | D:4      | Your scales start taking on a rich purple colour.
  4471 | D:4      | Reached XP level 7. HP: 52/53 MP: 11/13
  4725 | D:4      | Killed Purgy
  4942 | D:4      | Noticed Ijyb
  4950 | D:4      | Killed Ijyb
  5109 | D:4      | Noticed Natasha
  5118 | D:4      | Killed Natasha
  5210 | D:4      | Noticed Natasha
  5214 | D:4      | Killed Natasha
  5265 | D:5      | Entered Level 5 of the Dungeon
  5299 | D:5      | Slain by a gnoll sergeant

Illustrated notes

Levels and vault maps discovered:
D:1:      nzn_arrival_depleted_hourglass, layout_basic
D:2:      minmay_diamond_boxcup, layout_rooms, uniq_sigmund, uniq_robin
D:3:      layout_loops_ring, gammafunk_ghost_gnarly_gnolls, uniq_grinder,
          uniq_terence
D:4:      layout_loops_ring, uniq_purgy, uniq_ijyb, uniq_natasha
D:5:      layout_basic

Skill      XL: |  1  2  3  4  5  6  7 |
---------------+----------------------+-----
Dodging        | 2 3 |  3.3
Unarmed Combat | 1 2 3 4 |  4.2
Stealth        | 2 |  2.3
Conjurations   | 5 |  5.9
Fighting       | 1 2 |  2.4
Spellcasting   | 3 4 |  4.7

Action                   |  1- 3 |  4- 6 |  7- 9 || total
-------------------------+-------+-------+-------++-------
Melee: Unarmed           |    96 |    71 |    43 ||   210
       Tailslap          |     6 |     4 |     5 ||    15
       Peck              |     2 |     7 |     6 ||    15
       Punch             |       |       |     1 ||     1
Throw: Dart              |       |     1 |       ||     1
 Cast: Magic Dart        |    42 |    53 |     2 ||    97
       Searing Ray       |     8 |     9 |     2 ||    19
 Abil: Breathe Dispellin |       |       |     1 ||     1
  Use: Potion            |     3 |       |       ||     3
       Scroll            |       |     4 |       ||     4
 Stab: Sleeping          |       |     1 |       ||     1
Armor: Skin              |    67 |    20 |    19 ||   106
Dodge: Dodged            |    92 |    33 |    38 ||   163

Table legend: (Time is in decaauts)
 A = Elapsed time spent in this place.
 B = Non-inter-level travel time spent in this place.
 C = Inter-level travel time spent in this place.
 D = Time resting spent in this place.
 E = Time spent auto-exploring this place.
 F = Levels seen in this place.
 G = Mean time per level.
                   A        B        C        D        E       F      G
               +--------+--------+--------+--------+--------+-----+--------+
         Total |   5278 |   4977 |    301 |    711 |   3484 |   5 | 1055.6 |
       Dungeon |   5278 |   4977 |    301 |    711 |   3484 |   5 | 1055.6 |
               +--------+--------+--------+--------+--------+-----+--------+

Top non-repeatable levels by time:
     D:1: 1918 daAuts
     D:3: 1336 daAuts
     D:4: 1097 daAuts
     D:2: 893 daAuts
     D:5: 33 daAuts
